PBL
VICTORIA CAPITALS @ PORTLAND ANGELS
07/31/2047
 
TOP OF THE 1ST
Victoria Capitals batting - Pitching for Portland Angels : LHP Randy Boutilier
Pitching: LHP Randy Boutilier
Batting: RHB Antonio Oyola 0-0: Called Strike
0-1: Ball
1-1: Ball
2-1: Ball
3-1: Swinging Strike
3-2: Base on Balls
Batting: SHB Dave Reynoso 0-0: Ball
1-0: Ball
Antonio Oyola steals 2nd base
2-0: Foul Ball, location: 2F
2-1: Foul Ball, location: 2F
2-2: Foul Ball, location: 2F
2-2: Foul Ball, location: 2F
2-2: Ball
3-2: Fly out, F8 (Flyball, 8LD, EV 104.4 MPH)
Batting: RHB Tze-meng Li 0-0: Called Strike
0-1: Ball
1-1: Ball
2-1: Called Strike
2-2: Strikes out swinging
Batting: RHB Jose Zuniga 0-0: Ball
Passed Ball!
Antonio Oyola to third
1-0: Called Strike
1-1: Foul Ball, location: 2F
1-2: Ball
2-2: Strikes out swinging
Top of the 1st over - 0 runs, 0 hits, 0 errors, 1 left on base; Victoria 0 - Portland 0
BOTTOM OF THE 1ST
Portland Angels batting - Pitching for Victoria Capitals : LHP Geoff Klaas
Pitching: LHP Geoff Klaas
Batting: RHB Carlos Gonzales 0-0: Ball
1-0: Foul Ball, location: 2F
1-1: Fly out, F3 (Popup, 23F, EV 86.9 MPH)
Batting: RHB Alex Rosaly 0-0: Ball
1-0: Foul Ball, location: 2F
1-1: Foul Ball, location: 2F
1-2: Ball
2-2: Strikes out swinging
Batting: LHB Ramon Garduno 0-0: Called Strike
0-1: Swinging Strike
0-2: Strikes out looking
Bottom of the 1st over - 0 runs, 0 hits, 0 errors, 0 left on base; Victoria 0 - Portland 0
TOP OF THE 2ND
Victoria Capitals batting - Pitching for Portland Angels : LHP Randy Boutilier
Batting: LHB William Gonzales 0-0: Ball
1-0: Ball
2-0: Foul Ball, location: 2F
2-1: Foul Ball, location: 2F
2-2: Foul Ball, location: 2F
2-2: Foul Ball, location: 2F
2-2: Ball
3-2: SINGLE (Groundball, 6D, EV 98.1 MPH)
Batting: RHB Jwahir Pili 0-0: Called Strike
0-1: SINGLE (Line Drive, 6D, EV 96.9 MPH)
William Gonzales to second
Batting: RHB Rich Griffith 0-0: Ball
William Gonzales steals 3rd, throwing error, E2
William Gonzales scores
Jwahir Pili to third
1-0: Called Strike
1-1: Ball
2-1: Foul Ball, location: 2F
2-2: Ball
3-2: Base on Balls
Batting: RHB Neal Perucci 0-0: Ball
1-0: Called Strike
1-1: Foul Ball, location: 2F
1-2: Strikes out swinging
Batting: RHB Joaquin Salazar 0-0: Ball
1-0: Ball
2-0: Called Strike
2-1: Fielders Choice at 2nd, 6-4 (Groundball, 6, EV 86.9 MPH)
Jwahir Pili scores
Batting: RHB Antonio Oyola 0-0: Ball
1-0: Swinging Strike
1-1: Called Strike
1-2: Ball
2-2: Ball
Passed Ball!
Joaquin Salazar to second
3-2: Foul Ball, location: 2F
3-2: Foul Ball, location: 2F
3-2: Fly out, F9 (Flyball, 9D, EV 90.6 MPH)
Top of the 2nd over - 2 runs, 2 hits, 1 error, 1 left on base; Victoria 2 - Portland 0
BOTTOM OF THE 2ND
Portland Angels batting - Pitching for Victoria Capitals : LHP Geoff Klaas
Batting: SHB Yuya Hirata 0-0: Ball
1-0: Ball
2-0: Foul Ball, location: 2F
2-1: Called Strike
2-2: Ground out 5-3 (Groundball, 56, EV 93.1 MPH)
Batting: RHB Arnaud Derosiers 0-0: Called Strike
0-1: Fly out, F6 (Popup, 4M, EV 53.1 MPH)
Batting: LHB Kevin Feldman 0-0: Swinging Strike
0-1: Ball
1-1: Ball
2-1: Foul Ball, location: 2F
2-2: Ball
3-2: Ground out 4-3 (Groundball, 34D, EV 108.1 MPH)
Bottom of the 2nd over - 0 runs, 0 hits, 0 errors, 0 left on base; Victoria 2 - Portland 0
TOP OF THE 3RD
Victoria Capitals batting - Pitching for Portland Angels : LHP Randy Boutilier
Batting: SHB Dave Reynoso 0-0: Ball
1-0: Ball
2-0: Ball
3-0: Called Strike
3-1: Ground out 6-3 (Groundball, 6, EV 106.2 MPH)
Batting: RHB Tze-meng Li 0-0: Called Strike
0-1: SINGLE (Groundball, 6D, EV 96.9 MPH)
Batting: RHB Jose Zuniga 0-0: Foul Ball, location: 2F
0-1: Ball
1-1: Foul Ball, location: 2F
1-2: SINGLE (Groundball, 56D, EV 95.6 MPH)
Tze-meng Li to second
Batting: LHB William Gonzales 0-0: Ball
1-0: Ball
Wild Pitch!
Tze-meng Li to third
Jose Zuniga to second
2-0: Ball
3-0: Called Strike
3-1: Base on Balls
Batting: RHB Jwahir Pili 0-0: Called Strike
0-1: Ball
1-1: Ball
2-1: GRAND SLAM HOME RUN (Flyball, 78XD, EV 98.1 MPH), Distance : 362 ft
Batting: RHB Rich Griffith 0-0: Called Strike
0-1: Swinging Strike
0-2: Strikes out swinging
Batting: RHB Neal Perucci 0-0: Ball
1-0: Swinging Strike
1-1: Foul Ball, location: 2F
1-2: Ball
2-2: SOLO HOME RUN (Line Drive, 7LD, EV 94.4 MPH), Distance : 335 ft
Pitching: RHP Hector Gonzalez
Batting: RHB Joaquin Salazar 0-0: Fly out, F8 (Flyball, 8LM, EV 94.4 MPH)
Top of the 3rd over - 5 runs, 4 hits, 0 errors, 0 left on base; Victoria 7 - Portland 0
BOTTOM OF THE 3RD
Portland Angels batting - Pitching for Victoria Capitals : LHP Geoff Klaas
Batting: RHB Dan Contreras 0-0: Ball
1-0: Foul Ball, location: 2F
1-1: Foul Ball, location: 2F
1-2: Strikes out swinging
Batting: LHB David Coatney 0-0: Called Strike
0-1: Ball
1-1: Called Strike
1-2: Foul Ball, location: 2F
1-2: Ball
2-2: Foul Ball, location: 2F
2-2: Strikes out swinging
Batting: RHB Mario Martinez 0-0: Ball
1-0: Foul Ball, location: 2F
1-1: Called Strike
1-2: Strikes out swinging
Bottom of the 3rd over - 0 runs, 0 hits, 0 errors, 0 left on base; Victoria 7 - Portland 0
TOP OF THE 4TH
Victoria Capitals batting - Pitching for Portland Angels : RHP Hector Gonzalez
Batting: RHB Antonio Oyola 0-0: Foul Ball, location: 2F
0-1: Ball
1-1: Foul Ball, location: 2F
1-2: Foul Ball, location: 2F
1-2: Foul Ball, location: 2F
1-2: Ball
2-2: Ball
3-2: Fly out, F7 (Line Drive, 7D, EV 104.4 MPH)
Batting: SHB Dave Reynoso 0-0: Foul Ball, location: 2F
0-1: Called Strike
0-2: Ball
1-2: Ball
2-2: Ball
3-2: Foul Ball, location: 2F
3-2: Base on Balls
Batting: RHB Tze-meng Li 0-0: Ball
Passed Ball!
Dave Reynoso to second
1-0: Foul Ball, location: 2F
1-1: Swinging Strike
1-2: Foul Ball, location: 2F
1-2: Ground out 6-3 (Groundball, 6, EV 89.4 MPH)
Dave Reynoso to third
Batting: RHB Jose Zuniga 0-0: Called Strike
0-1: Foul Ball, location: 2F
0-2: SINGLE (Line Drive, 6MD, EV 96.2 MPH)
Dave Reynoso scores
Batting: LHB William Gonzales 0-0: Ball
1-0: SINGLE (Groundball, 4MD, EV 98.8 MPH)
Jose Zuniga to second
Runner from 2nd tries for 3rd, SAFE, throw by CF made to third
Batting: RHB Jwahir Pili 0-0: Ball
1-0: Called Strike
1-1: Fly out, F4 (Popup, 34, EV 59.4 MPH)
Top of the 4th over - 1 run, 2 hits, 0 errors, 2 left on base; Victoria 8 - Portland 0
BOTTOM OF THE 4TH
Portland Angels batting - Pitching for Victoria Capitals : LHP Geoff Klaas
Batting: RHB Carlos Gonzales 0-0: Ball
1-0: Ball
2-0: Ball
3-0: Called Strike
3-1: Called Strike
3-2: Foul Ball, location: 2F
3-2: Strikes out swinging
Batting: RHB Alex Rosaly 0-0: Called Strike
0-1: Hit by Pitch
Batting: LHB Ramon Garduno 0-0: Ball
1-0: 2-RUN HOME RUN (Line Drive, 89XD, EV 100.6 MPH), Distance : 386 ft
Batting: SHB Yuya Hirata 0-0: Ball
1-0: Called Strike
1-1: Called Strike
1-2: Strikes out swinging
Batting: RHB Arnaud Derosiers 0-0: Fly out, F4 (Line Drive, 34, EV 71.2 MPH)
Bottom of the 4th over - 2 runs, 1 hit, 0 errors, 0 left on base; Victoria 8 - Portland 2
TOP OF THE 5TH
Victoria Capitals batting - Pitching for Portland Angels : RHP Hector Gonzalez
Batting: RHB Rich Griffith 0-0: Ball
1-0: Foul Ball, location: 2F
1-1: Foul Ball, location: 2F
1-2: Foul Ball, location: 2F
1-2: DOUBLE (Groundball, 5L, EV 105.0 MPH)
Batting: RHB Neal Perucci 0-0: Ball
Passed Ball!
Rich Griffith to third
1-0: Ball
2-0: Called Strike
2-1: Ball
3-1: Foul Ball, location: 2F
3-2: Strikes out swinging
Batting: RHB Joaquin Salazar 0-0: Called Strike
0-1: Foul Ball, location: 2F
0-2: Strikes out swinging
Batting: RHB Antonio Oyola 0-0: Called Strike
0-1: Ball
1-1: Ball
2-1: Swinging Strike
2-2: Strikes out swinging
Top of the 5th over - 0 runs, 1 hit, 0 errors, 1 left on base; Victoria 8 - Portland 2
BOTTOM OF THE 5TH
Portland Angels batting - Pitching for Victoria Capitals : LHP Geoff Klaas
Batting: LHB Kevin Feldman 0-0: Ball
1-0: Called Strike
1-1: Called Strike
1-2: SOLO HOME RUN (Line Drive, 7D, EV 100.6 MPH), Distance : 372 ft
Batting: RHB Dan Contreras 0-0: Called Strike
0-1: SOLO HOME RUN (Flyball, 7LD, EV 91.9 MPH), Distance : 347 ft
Batting: LHB David Coatney 0-0: Called Strike
0-1: Swinging Strike
0-2: Strikes out swinging
Batting: RHB Mario Martinez 0-0: Called Strike
0-1: Called Strike
0-2: Strikes out swinging
Batting: RHB Carlos Gonzales 0-0: Called Strike
0-1: Ball
1-1: Foul Ball, location: 2F
1-2: Ground out 6-3 (Groundball, 6, EV 82.5 MPH)
Bottom of the 5th over - 2 runs, 2 hits, 0 errors, 0 left on base; Victoria 8 - Portland 4
TOP OF THE 6TH
Victoria Capitals batting - Pitching for Portland Angels : RHP Hector Gonzalez
Batting: SHB Dave Reynoso 0-0: Ground out U3 (Groundball, 3, EV 103.1 MPH)
Batting: RHB Tze-meng Li 0-0: Foul Ball, location: 2F
0-1: Ball
1-1: Foul Ball, location: 2F
1-2: SINGLE (Groundball, 6MD, EV 101.2 MPH)
Batting: RHB Jose Zuniga 0-0: Swinging Strike
0-1: Ball
1-1: Ball
2-1: Called Strike
2-2: Strikes out swinging
Batting: LHB William Gonzales 0-0: Ball
Tze-meng Li steals 2nd base
1-0: Called Strike
1-1: Foul Ball, location: 2F
1-2: Ball
2-2: Ball
3-2: SINGLE (Flyball, 8RS, EV 92.5 MPH)
Tze-meng Li to third
Runner from 3rd tries for Home, SAFE, throw by CF to home
William Gonzales to second
Pitching: LHP Berry Caron
Batting: RHB Jwahir Pili 0-0: Called Strike
0-1: Ground out 6-3 (Groundball, 56, EV 90.6 MPH)
Top of the 6th over - 1 run, 2 hits, 0 errors, 1 left on base; Victoria 9 - Portland 4
BOTTOM OF THE 6TH
Portland Angels batting - Pitching for Victoria Capitals : LHP Geoff Klaas
Batting: RHB Alex Rosaly 0-0: Ball
1-0: Fly out, F7 (Line Drive, 7LM, EV 103.8 MPH)
Batting: LHB Ramon Garduno 0-0: Called Strike
0-1: Ball
1-1: Swinging Strike
1-2: Foul Ball, location: 2F
1-2: Foul Ball, location: 2F
1-2: Strikes out looking
Batting: SHB Yuya Hirata 0-0: Swinging Strike
0-1: Ball
1-1: Swinging Strike
1-2: Foul Ball, location: 2F
1-2: Foul Ball, location: 2F
1-2: Strikes out looking
Bottom of the 6th over - 0 runs, 0 hits, 0 errors, 0 left on base; Victoria 9 - Portland 4
TOP OF THE 7TH
Victoria Capitals batting - Pitching for Portland Angels : LHP Berry Caron
Batting: RHB Rich Griffith 0-0: Ball
1-0: Ball
2-0: Swinging Strike
2-1: Ball
3-1: Swinging Strike
3-2: Foul Ball, location: 2F
3-2: Foul Ball, location: 2F
3-2: Base on Balls
Batting: RHB Neal Perucci 0-0: Foul Ball, location: 2F
0-1: Called Strike
0-2: Ball
1-2: Foul Ball, location: 2F
1-2: Fly out, F9 (Flyball, 9LM, EV 101.9 MPH)
Batting: RHB Joaquin Salazar 0-0: Ball
1-0: Ball
Rich Griffith steals 2nd base
2-0: Ball
3-0: Called Strike
3-1: Swinging Strike
3-2: SINGLE (Groundball, 34D, EV 101.9 MPH) (infield hit)
Rich Griffith to third
Batting: RHB Antonio Oyola 0-0: Foul Ball, location: 2F
0-1: Ball
1-1: Swinging Strike
Passed Ball!
Rich Griffith scores
Joaquin Salazar to second
1-2: Ball
2-2: Fly out, F7 (Flyball, 78S, EV 90.0 MPH)
Batting: SHB Dave Reynoso 0-0: Ball
1-0: Called Strike
1-1: Called Strike
1-2: Ball
2-2: Foul Ball, location: 2F
2-2: Fly out, F3 (Popup, 3F, EV 55.6 MPH)
Top of the 7th over - 1 run, 1 hit, 0 errors, 1 left on base; Victoria 10 - Portland 4
BOTTOM OF THE 7TH
Portland Angels batting - Pitching for Victoria Capitals : LHP Geoff Klaas
Pitching: RHP Fikre Taalib
Batting: RHB Arnaud Derosiers 0-0: SINGLE (Line Drive, 34D, EV 95.0 MPH)
Batting: LHB Kevin Feldman 0-0: Ball
1-0: Ball
2-0: Swinging Strike
2-1: Foul Ball, location: 2F
2-2: Foul Ball, location: 2F
2-2: Reached on error, E3 (Groundball, 3, EV 100.0 MPH)
Arnaud Derosiers to second
Batting: RHB Dan Contreras 0-0: Called Strike
0-1: Foul Ball, location: 2F
0-2: Foul Ball, location: 2F
0-2: Grounds into double play, 3-6-3 (Groundball, 3S, EV 84.4 MPH)
Arnaud Derosiers to third
Batting: LHB David Coatney 0-0: Foul Ball, location: 2F
0-1: Fly out, F7 (Line Drive, 7S, EV 85.0 MPH)
Bottom of the 7th over - 0 runs, 1 hit, 1 error, 1 left on base; Victoria 10 - Portland 4
TOP OF THE 8TH
Victoria Capitals batting - Pitching for Portland Angels : LHP Berry Caron
Batting: RHB Tze-meng Li 0-0: Ball
1-0: Ball
2-0: Ground out 5-3 (Groundball, 5, EV 101.2 MPH)
Batting: RHB Jose Zuniga 0-0: Called Strike
0-1: Ball
1-1: Foul Ball, location: 2F
1-2: Ball
2-2: Foul Ball, location: 2F
2-2: Strikes out looking
Batting: LHB William Gonzales 0-0: Ball
1-0: Ball
2-0: Foul Ball, location: 2F
2-1: Called Strike
2-2: Foul Ball, location: 2F
2-2: Ball
3-2: Strikes out looking
Top of the 8th over - 0 runs, 0 hits, 0 errors, 0 left on base; Victoria 10 - Portland 4
BOTTOM OF THE 8TH
Portland Angels batting - Pitching for Victoria Capitals : RHP Fikre Taalib
Batting: RHB Mario Martinez 0-0: Called Strike
0-1: Called Strike
0-2: Foul Ball, location: 2F
0-2: Hit by Pitch
Batting: RHB Carlos Gonzales 0-0: SINGLE (Groundball, 34D, EV 88.1 MPH) (infield hit)
Mario Martinez to second
Batting: RHB Alex Rosaly 0-0: Called Strike
0-1: Foul Ball, location: 2F
0-2: Ball
1-2: Foul Ball, location: 2F
1-2: Strikes out swinging
Pitching: RHP Ruben Mendoza
Batting: LHB Ramon Garduno 0-0: Called Strike
0-1: Ball
1-1: Ball
2-1: Ball
3-1: Fly out, F7 (Flyball, 7LM, EV 90.0 MPH)
Batting: SHB Yuya Hirata 0-0: Ball
1-0: Called Strike
1-1: Ball
2-1: Ball
3-1: Foul Ball, location: 2F
3-2: Ground out U3 (Groundball, 34S, EV 81.2 MPH)
Bottom of the 8th over - 0 runs, 1 hit, 0 errors, 2 left on base; Victoria 10 - Portland 4
TOP OF THE 9TH
Victoria Capitals batting - Pitching for Portland Angels : LHP Berry Caron
Pitching: RHP John Martin
Batting: RHB Jwahir Pili 0-0: Ball
1-0: SINGLE (Line Drive, 4M, EV 96.9 MPH)
Batting: RHB Rich Griffith 0-0: Called Strike
Jwahir Pili is caught stealing 2nd base 2-4
0-1: Foul Ball, location: 2F
0-2: Strikes out swinging
Batting: RHB Neal Perucci 0-0: Fly out, F8 (Flyball, 8LD, EV 83.8 MPH)
Top of the 9th over - 0 runs, 1 hit, 0 errors, 0 left on base; Victoria 10 - Portland 4
BOTTOM OF THE 9TH
Portland Angels batting - Pitching for Victoria Capitals : RHP Ruben Mendoza
Batting: RHB Arnaud Derosiers 0-0: Foul Ball, location: 2F
0-1: Ball
1-1: Ball
2-1: Ball
3-1: Base on Balls
Batting: LHB Kevin Feldman 0-0: Ball
1-0: Fly out, F8 (Flyball, 8RD, EV 102.5 MPH)
Batting: RHB Dan Contreras 0-0: Called Strike
0-1: Ball
1-1: Swinging Strike
1-2: Strikes out swinging
Batting: LHB David Coatney 0-0: Ball
1-0: Ball
2-0: Ball
3-0: Base on Balls
Arnaud Derosiers to second
Batting: RHB Mario Martinez 0-0: Called Strike
0-1: Ball
1-1: DOUBLE (Line Drive, 9LS, EV 93.8 MPH)
Arnaud Derosiers scores
David Coatney to third
Batting: RHB Carlos Gonzales 0-0: Ball
1-0: Called Strike
1-1: Foul Ball, location: 2F
1-2: Ball
2-2: Strikes out swinging
Bottom of the 9th over - 1 run, 1 hit, 0 errors, 2 left on base; Victoria 10 - Portland 5
Thursday, December 15th , 2022 - OOTP Baseball 23.9 Build 102